 Dungeon Crawl Stone Soup version 0.30.0 (webtiles) character file.

Game seed: 9692779663210189513

16 AlmostAGhost the Slasher (level 2, -1/22 HPs)
             Began as a Demonspawn Gladiator on May 6, 2023.
             Slain by a frilled lizard (2 damage)
             ... on level 2 of the Dungeon.
             The game lasted 00:03:07 (892 turns).

AlmostAGhost the Slasher (Demonspawn Gladiator)      Turns: 892, Time: 00:03:08

Health: -1/22      AC:  6    Str: 14    XL:     2   Next: 37%
Magic:  2/2        EV: 11    Int:  9    God:
Gold:   27         SH:  0    Dex: 14    Spells: 1/1 levels left

rFire   . . .        a - +0 long sword
rCold   + . .        (no shield)
rNeg    . . .        n - +0 ring mail
rPois   .            c - +0 helmet
rElec   .            (no cloak)
rCorr   .            (no gloves)
SInv    +            (no boots)
Will    .....        (no amulet) Stlth
                     i - ring of protection from cold
HPRegen 0.23/turn    m - ring of see invisible
MPRegen 0.08/turn

%: no passive effects
@: silenced
A: ignite blood 1
a: no special abilities


You were on level 2 of the Dungeon.
You visited 1 branch of the dungeon, and saw 2 of its levels.

You collected 27 gold pieces.

Inventory:

Hand Weapons
 a - a +0 long sword (weapon)
Missiles
 d - 3 throwing nets (quivered)
 e - a javelin
Armour
 b - a +0 leather armour
 c - a +0 helmet (worn)
 n - a +0 ring mail (worn)
Jewellery
 i - a ring of protection from cold (left hand)
 m - a ring of see invisible (right hand)
Scrolls
 f - a scroll of vulnerability {unknown}
 h - a scroll of enchant weapon {unknown}
 j - a scroll of poison {unknown}
 l - 2 scrolls of identify {unknown}
Potions
 k - 2 potions of brilliance {unknown}


   Skills:
 + Level 2.0 Fighting
 + Level 3.1 Long Blades
 + Level 1.7 Throwing
 + Level 3.0 Dodging
 + Level 0.1 Unarmed Combat


You had one spell level left.
You didn't know any spells.
Your spell library contained the following spells:

 Spells                   Type           Power      Damage    Failure   Level
 Summon Small Mammal      Summ           0%         N/A       63%         1
 Call Canine Familiar     Summ           0%         N/A       94%         3
 Summon Guardian Golem    Hex/Summ       0%         N/A       94%         3


Dungeon Overview and Level Annotations

Branches:
Dungeon (2/15)

Altars:

Annotations:
D:2 Sigmund


Innate Abilities, Weirdness & Mutations

Your demonic aura sometimes causes spilled blood to erupt in flames.


Message History

Sigmund hits you from afar with a +0 scythe!
Press: ? - help, v - describe, . - travel The floor.
This square is shrouded in silence.
A quokka comes into view.
You hit Sigmund but do no damage. Sigmund closely misses you.
You hit Sigmund but do no damage. Sigmund barely misses you.
The quokka closely misses you.
You hit Sigmund.
Sigmund is lightly wounded.
The frilled lizard closely misses you. The quokka barely misses you.
Sigmund closely misses you.
You barely miss Sigmund.
Sigmund is lightly wounded.
The quokka bites you.
The frilled lizard bites you but does no damage.
The quokka barely misses you.
The frilled lizard bites you but does no damage.
Sigmund barely misses you.
You slash Sigmund!
Sigmund is moderately wounded.
The quokka bites you but does no damage.
The frilled lizard bites you but does no damage.
Unknown command.
You barely miss Sigmund.
Sigmund is moderately wounded.
Sigmund hits you with a +0 scythe. The quokka bites you.
The frilled lizard barely misses you. The quokka barely misses you.
You are too injured to fight recklessly!
You slash the quokka!
You kill the quokka!
Sigmund hits you but does no damage. The frilled lizard bites you.
* * * LOW HITPOINT WARNING * * *
Unknown command.
You hit Sigmund.
Sigmund is moderately wounded.
The frilled lizard closely misses you. Sigmund hits you with a +0 scythe.
* * * LOW HITPOINT WARNING * * *
The frilled lizard bites you.
You die...

.. . #.# ##
#.###..####..
#........##.#
#......#.##)# # #
#......#$##.# .#.#
#(....l#.##.###....
......○@...........
##....@###.>..(....
#..... #.......#.
#..... ###.###.#
#..... #.# # #.....
#.# #..... #.#
###### #.# #<#


You could see Sigmund and a frilled lizard.

Vanquished Creatures
  A dart slug (D:1)
  4 ball pythons (D:1)
  2 giant cockroaches (D:1)
  A goblin (D:1)
  A hobgoblin (D:1)
  2 quokkas
11 creatures vanquished.

Notes
Turn   | Place    | Note
-------+----------+-------------------------------------------
     0 | D:1      | AlmostAGhost the Demonspawn Gladiator began the quest for
                  | the Orb.
     0 | D:1      | Reached XP level 1. HP: 16/16 MP: 1/1
   253 | D:1      | Gained mutation: Your demonic aura sometimes causes spilled
                  | blood to erupt in flames. [demonic ancestry]
   253 | D:1      | Reached XP level 2. HP: 22/22 MP: 2/2
   882 | D:2      | Noticed Sigmund
   892 | D:2      | HP: 1/22 [Sigmund/+0 scythe (6)]
   892 | D:2      | Slain by a frilled lizard

Illustrated notes

Levels and vault maps discovered:
D:1:      enne_arrival_octagon_isle, layout_basic, feat_on_display
D:2:      layout_basic, uniq_sigmund

Skill      XL: |  1  2 |
---------------+-------+-----
Long Blades    | 3 |  3.1
Dodging        | 3 |  3.0
Fighting       | |  2.0
Throwing       | |  1.7
Unarmed Combat | |  0.1

Action                     || total
---------------------------++-------
  Melee: Long sword        ||    28
         Unarmed           ||    25
         Punch             ||     1
    Use: Scroll            ||     1
 Armour: Leather armour    ||     6
         Ring mail         ||    18
  Dodge: Dodged            ||    43
